 Dungeon Crawl Stone Soup version 0.23.0-38-g208d714 (webtiles) character file.

Game seed: 6728935291434670701

641994 arthur the Ruinous (level 27, -4/199 HPs)
             Began as a Demonspawn Fire Elementalist on Feb 21, 2019.
             Was the Champion of Yredelemnul.
             Killed from afar by an orb of fire (9 damage)
             ... with a fireball
             ... on level 5 of the Realm of Zot on Feb 27, 2019.
             The game lasted 11:42:00 (69495 turns).

arthur the Ruinous (Demonspawn Fire Elementalist)  Turns: 69495, Time: 11:42:02

Health: -4/199     AC: 39    Str: 19 (21) XL:     27
Magic:  23/45      EV: 18    Int: 31      God:    Yredelemnul [******]
Gold:   5005       SH:  0    Dex: 16      Spells: 8/62 levels left

rFire    + + .     SeeInvis +   Y - +7 glaive of Light {chop, rElec MP+9 SInv Stlth-}
rCold    x . .     Gourm    .   (shield currently unavailable)
rNeg     + . .     Faith    .   b - +12 pearl dragon scales of Failure {+Inv rN+ MR+ Int+2}
rPois    +         Spirit   .   k - +0 hat
rElec    +         Reflect  .   H - +1 cloak of the Neverending Runes {*Drain MR++ Slay+5}
rCorr    .         Harm     +   A - +0 pair of gloves
MR       +++++                  (boots unavailable)
Stlth    ..........             h - amulet "Feiboic" {Harm *Drain +Fly rElec Str+4}
HPRegen  0.00/turn              O - ring of fire
MPRegen  0.29/turn              P - ring "Omujoh" {rPois Str+4 Int+4}

@: marked, regenerating, studying Transmutations
A: talons 3, iridescent scales 3, blurry vision 1, clever 1, deterioration 2,
fire resistance 1, hurl damnation, low mp 2, poison resistance, powered by pain
3, screaming 1, inhibited regeneration, spiny 3, no potion heal 1, flame cloud
immunity, subdued magic 2
}: 3/15 runes: decaying, silver, gossamer
a: Hurl Damnation, Recall Undead Slaves, Injury Mirror, Animate Dead, Drain
Life, Enslave Soul, Renounce Religion, Evoke Invisibility, Evoke Flight


You were on level 5 of the Realm of Zot.
You worshipped Yredelemnul.
Yredelemnul was exalted by your worship.
You were not hungry.

You visited 12 branches of the dungeon, and saw 53 of its levels.
You visited the Abyss 5 times.
You visited 1 bazaar.
You also visited: Sewer, Gauntlet and Ice Cave.

You collected 9821 gold pieces.
You spent 4816 gold pieces at shops.

Inventory:

Hand Weapons
 a - the +6 glaive of Precise Incision {chop, *Contam rC+ rN+ MR+}
   (You took it off a minotaur in a Gauntlet)

   It inflicts extra damage upon your enemies.
   It protects you from cold.
   It protects you from negative energy.
   It affects your resistance to hostile enchantments.
   It causes magical contamination when unequipped.
 g - the +8 falchion "Cohitz" {slice, rN+}
   (You found it on level 5 of the Vaults)

   It inflicts extra damage upon your enemies.
   It protects you from negative energy.
 Y - the +7 glaive of Light (weapon) {chop, rElec MP+9 SInv Stlth-}
   (You found it on level 6 of the Lair of Beasts)

   It inflicts extra damage upon your enemies.
   It insulates you from electricity.
   It affects your magic capacity (+9).
   It lets you see invisible.
   It makes you less stealthy.
Armour
 b - the +12 pearl dragon scales of Failure (worn) {+Inv rN+ MR+ Int+2}
   (You took it off a minotaur in a Gauntlet)

   It affects your intelligence (+2).
   It protects you from negative energy.
   It affects your resistance to hostile enchantments.
   It lets you turn invisible.
 k - a +0 hat (worn)
 A - a +0 pair of gloves (worn)
 H - the +1 cloak of the Neverending Runes (worn) {*Drain MR++ Slay+5}
   (You found it on level 1 of the Abyss)

   It affects your accuracy and damage with ranged weapons and melee attacks
   (+5).
   It affects your resistance to hostile enchantments.
   It causes draining when unequipped.
 L - the +0 cloak of Itoisul {rElec Dex+3}
   (You found it in a Gauntlet)

   It affects your dexterity (+3).
   It insulates you from electricity.
 N - a scarf of resistance
Jewellery
 h - the amulet "Feiboic" (around neck) {Harm *Drain +Fly rElec Str+4}
   (You bought it in a shop on level 5 of the Depths)

   [amulet of harm]

   It increases damage dealt and taken.
   It affects your strength (+4).
   It insulates you from electricity.
   It lets you fly.
   It causes draining when unequipped.
 o - a +4 ring of intelligence
 t - a +2 ring of strength
 M - an uncursed ring of protection from fire
 O - a ring of fire (left hand)
 P - the ring "Omujoh" (right hand) {rPois Str+4 Int+4}
   (You bought it in a shop on level 1 of the Elven Halls)

   [ring of poison resistance]

   It affects your strength (+4).
   It affects your intelligence (+4).
   It protects you from poison.
 Z - the ring of Maf Pock {rCorr rElec MR- Str+2 Int+2 Stlth+}
   (You acquired it on level 6 of the Lair of Beasts)

   [ring of resist corrosion]

   It affects your strength (+2).
   It affects your intelligence (+2).
   It insulates you from electricity.
   It affects your resistance to hostile enchantments.
   It makes you more stealthy.
Wands
 r - a wand of scattershot (3)
 C - a wand of iceblast (54)
 D - a wand of random effects (26)
 E - a wand of polymorph (83)
 W - a wand of digging (13)
Scrolls
 l - 29 scrolls of remove curse
 m - 6 scrolls of fog
 p - 9 scrolls of magic mapping
 q - a scroll of acquirement
 s - 24 scrolls of teleportation
 u - 13 scrolls of enchant weapon
 x - 9 scrolls of fear
 y - 29 scrolls of identify
 F - 2 scrolls of torment
 G - 4 scrolls of blinking
 J - 10 scrolls of immolation
 K - 7 scrolls of enchant armour
 T - 2 scrolls of vulnerability
Potions
 d - 4 potions of might
 f - 17 potions of curing
 i - 7 potions of flight
 j - 11 potions of agility
 n - 5 potions of brilliance
 v - 4 potions of heal wounds
 w - 7 potions of cancellation
 z - 6 potions of invisibility
 I - 5 potions of haste
 Q - 2 potions of resistance
 R - 6 potions of magic
 U - 7 potions of ambrosia
Books
 e - a manual of Transmutations
Miscellaneous
 B - 3 phantom mirrors
 S - a crystal ball of energy
 V - the horn of Geryon
Comestibles
 c - 28 rations


   Skills:
 + Level 12.7 Fighting
 - Level 8.2 Polearms
 - Level 16.0 Armour
 + Level 13.3 Dodging
 - Level 1.7 Stealth
 + Level 18.3 Spellcasting
 + Level 21.8 Conjurations
 + Level 16.0 Charms
 + Level 12.4 Necromancy
 + Level 6.7 Transmutations
 + Level 19.0 Fire Magic
 - Level 5.0 Air Magic
 - Level 5.0 Earth Magic
 - Level 10.0 Invocations
 - Level 10.4 Evocations


You had 8 spell levels left.
You knew the following spells:

 Your Spells              Type           Power        Failure   Level  Hunger
a - Flame Tongue          Conj/Fire      #####        0%          1    None
b - Fireball              Conj/Fire      #######...   0%          5    None
c - Iskenderun's Battles  Conj/Chrm      ######..     0%          5    None
d - Regeneration          Chrm/Necr      ######....   0%          3    None
e - Bolt of Draining      Conj/Necr      ######....   1%          5    None
f - Sublimation of Blood  Necr           ######....   0%          2    None
g - Orb of Destruction    Conj           #######...   1%          7    ####...
h - Mephitic Cloud        Conj/Pois/Air  ######..     1%          3    None
i - Ring of Flames        Chrm/Fire      #######...   1%          7    ####...
j - Dispel Undead         Necr           ######..     1%          5    None
k - Deflect Missiles      Chrm/Air       ######....   4%          6    None
l - Bolt of Magma         Conj/Fire/Erth #######...   1%          5    None

Your spell library contained the following spells:

 Spells                   Type           Power        Failure   Level  Hunger
 Animate Skeleton         Necr           N/A          0%          1    None
 Infusion                 Chrm           ####         0%          1    None
 Shock                    Conj/Air       ####         0%          1    None
 Sting                    Conj/Pois      ####         0%          1    None
 Corpse Rot               Necr           N/A          0%          2    None
 Swiftness                Chrm/Air       ######..     0%          2    None
 Throw Flame              Conj/Fire      ######       0%          2    None
 Conjure Flame            Conj/Fire      #######.     0%          3    None
 Stone Arrow              Conj/Erth      ######       0%          3    None
 Sticky Flame             Conj/Fire      #######.     0%          4    None
 Apportation              Tloc           ###...       1%          1    None
 Beastly Appendage        Tmut           #####.       1%          1    None
 Confusing Touch          Hex            ###...       1%          1    None
 Corona                   Hex            ###....      1%          1    None
 Sandblast                Erth           #####.       1%          1    None
 Summon Butterflies       Summ           ###.....     1%          1    None
 Summon Small Mammal      Summ           ###.         1%          1    None
 Passwall                 Tmut/Erth      #####...     1%          2    None
 Poisonous Vapours        Pois/Air       ####..       1%          2    None
 Shroud of Golubria       Chrm/Tloc      #####.....   1%          2    None
 Sticks to Snakes         Tmut           #####...     1%          2    None
 Dazzling Spray           Conj/Hex       ######       1%          3    None
 Ignite Poison            Fire/Tmut/Pois ######..     1%          3    None
 Inner Flame              Hex/Fire       ######..     1%          3    None
 Ozocubu's Armour         Chrm/Ice       #####...     1%          3    None
 Spider Form              Tmut/Pois      ####......   1%          3    None
 Animate Dead             Necr           N/A          1%          4    None
 Petrify                  Tmut/Erth      #####...     1%          4    None
 Agony                    Necr           ######..     1%          5    None
 Excruciating Wounds      Chrm/Necr      ######....   1%          5    None
 Irradiate                Conj/Tmut      ######....   1%          5    None
 Venom Bolt               Conj/Pois      ######....   1%          5    None
 Bolt of Fire             Conj/Fire      #######...   1%          6    None
 Conjure Ball Lightning   Conj/Air       ######....   1%          6    None
 Death Channel            Necr           ######....   1%          6    None
 Iron Shot                Conj/Erth      ######....   1%          6    None
 Airstrike                Air            #####.....   2%          4    None
 Blink                    Tloc           N/A          3%          2    None
 Ensorcelled Hibernation  Hex/Ice        ###...       3%          2    None
 Blade Hands              Tmut           #####.....   3%          5    None
 Ice Form                 Ice/Tmut       ####....     5%          4    None
 Call Canine Familiar     Summ           ###.....     7%          3    None
 Confuse                  Hex            ###.....     7%          3    None
 Gell's Gravitas          Tloc           ###.......   7%          3    None
 Lesser Beckoning         Tloc           ###.......   7%          3    None
 Portal Projectile        Hex/Tloc       ###...       7%          3    None
 Recall                   Summ/Tloc      N/A          7%          3    None
 Teleport Other           Tloc           ###.....     7%          3    None
 Tukima's Dance           Hex            ###.....     7%          3    None
 Leda's Liquefaction      Hex/Erth       ####......   8%          4    None
 Summon Lightning Spire   Summ/Air       ####....     8%          4    None
 Lee's Rapid Deconstruct  Erth           #####.....   8%          5    None
 Freezing Cloud           Conj/Ice/Air   ######....   9%          6    None
 Alistair's Intoxication  Tmut/Pois      ####....     17%         5    None
 Silence                  Hex/Air        ####......   24%         5    None
 Hydra Form               Tmut           #####.....   24%         6    None
 Spellforged Servitor     Conj/Summ      ######....   24%         7    ####...
 Olgreb's Toxic Radiance  Pois           ###.....     26%         4    None
 Passage of Golubria      Tloc           N/A          26%         4    None
 Summon Ice Beast         Ice/Summ       ###.....     26%         4    None
 Simulacrum               Ice/Necr       #####.....   30%         6    None
 Statue Form              Tmut/Erth      #####....    34%         6    None
 Death's Door             Chrm/Necr      ######....   45%         8    #####..
 Aura of Abjuration       Summ           ###.......   58%         5    None
 Summon Demon             Summ           ###.......   58%         5    None
 Summon Forest            Summ/Tloc      ###.......   58%         5    None
 Summon Mana Viper        Hex/Summ       ###.....     58%         5    None
 Borgnjor's Revivificati  Necr           ######....   73%         8    #####..
 Infestation              Necr           ######....   73%         8    #####..
 Dragon Form              Tmut           #####.....   83%         7    ####...
 Haunt                    Necr/Summ      #####.....   88%         7    ####...
 Necromutation            Tmut/Necr      ######....   98%         8    #####..
 Invisibility             Hex            ###.....     99%         6    None
 Shadow Creatures         Summ           N/A          99%         6    None
 Summon Hydra             Summ           ###.......   100%        7    ####...
 Controlled Blink         Tloc           N/A          100%        8    #####..
 Discord                  Hex            ###.......   100%        8    #####..
 Shatter                  Erth           #####.....   100%        9    #######
 Tornado                  Air            #####.....   100%        9    #######


Dungeon Overview and Level Annotations

Branches:
Dungeon (15/15)            Temple (0/1) D:7            Lair (6/6) D:11
  Swamp (4/4) Lair:2       Spider (4/4) Lair:4        Slime (0/5) Lair:5
    Orc (2/2) D:9             Elf (3/3) Orc:2        Vaults (5/5) D:14
  Crypt (3/3) Vaults:3       Tomb (0/3) Crypt:3      Depths (5/5) D:15
   Hell (1/1)                 Dis (0/7) Hell            Geh (1/7) Hell
    Coc (0/7) Hell            Tar (0/7) Hell            Zot (5/5) Depths:5

Altars:
Elyvilon
Fedhas
Gozag
Kikubaaqudgha
Qazlal
Ru
Sif Muna
Uskayaw
Wu Jian
Xom
Yredelemnul
Zin
The Shining One
Beogh

Shops:
D:6 !!*!   D:11 *   Orc:2 }%(   Elf:1 =   Elf:3 =:=   Vaults:1 :   Vaults:2 [
Depths:3 }   Depths:4 (   Depths:5 }=}

Portals:
Hell: Depths:1 Depths:2 Depths:3 Depths:4 Depths:5
Abyss: Depths:1 Depths:4 Depths:5
Pandemonium: Depths:3
Ziggurat: Depths:2

Annotations:
D:11 XP and shops lvl 15 req
Lair:5 exclusion: oklob plant
Hell exclusion: ice statue


Innate Abilities, Weirdness & Mutations

You have claws for feet.
You are completely covered in iridescent scales. (AC +6)
Your flesh is heat resistant. (rF+)
You can hurl damnation.
You are powered by pain.
You are completely covered in sharp spines.
You are immune to clouds of flame.
Scrolls take you a little longer to read.
Your mind is acute. (Int +2)
Your body often deteriorates upon taking damage.
Your magical capacity is very low. (-20% MP)
Your system is resistant to poisons. (rPois)
You occasionally shout uncontrollably at your foes.
You do not regenerate when monsters are visible.
Potions are less effective at restoring your health.
Your spells are easier to cast, but less powerful.


Message History

The ghost moth stares at you.
You feel your power leaking away.
The orb of fire glows bright magenta.
Strange energies course through your body.
An Orb Guardian comes into view.
The tormentor calls on the powers of darkness!
The Orb Guardian convulses!
Something is bathed in an unholy light!
The Orb Guardian convulses!
Something is bathed in an unholy light!
The Orb Guardian convulses! x2; The moth of wrath convulses!
The ghost moth convulses!
The Orb Guardian convulses! x2
Something is bathed in an unholy light!
The Killer Klown convulses!
Something is bathed in an unholy light!
Your body is wracked with pain!
* * * LOW HITPOINT WARNING * * *
Something is bathed in an unholy light!
You slash the orb of fire!
The orb of fire is lightly damaged.
The orb of fire glows red.
The fireball explodes!
The fireball engulfs you! You resist.
You die...
Your body rises from the dead as a mindless zombie.

...............# ##...........#
!..............# #...........#
...............# ##...........#
...............# #.X...........
...............# ##.............
...............###............^.
.........2X...###...###########.
........X.XX.##*.^.## ##
........XyyzXp*@.### #
...)##▓▓▓▓▓▓▓▓▓▓▓# ..


You could see 2 orbs of fire, a Killer Klown, a tentacled monstrosity, a death
cob, 6 Orb Guardians, a ghost moth (invisible), a moth of wrath and a tormentor.

Vanquished Creatures
  2 orbs of fire (Zot:1)
  5 ancient liches
  2 curse toes (Zot:1)
  Geryon (Hell)
  3 golden dragons
  6 bone dragons
  2 profane servitors (Abyss:1)
  Arachne (Spider:4)
  A Brimstone Fiend (Hell)
  9 tentacled monstrosities
  Jorgrun (Swamp:1)
  13 liches
  9 Orb Guardians (Zot:5)
  6 quicksilver dragons
  A deep elf blademaster (Elf:2)
  2 titans (Vaults:5)
  2 deep elf master archers (Elf:3)
  3 sphinxes
  22 tentacled starspawn
  3 death cobs
  Frances (D:13)
  5 storm dragons
  6 tengu reavers
  8 shadow dragons
  A daeva (Abyss:1)
  A revenant (Abyss:1)
  3 draconian monks
  Donald (Elf:2)
  4 iron dragons
  6 frost giants
  4 deep elf sorcerers
  A ghost moth (Spider:4)
  A fire giant (Vaults:5)
  8 vault wardens
  2 cacodemons
  2 draconian knights
  2 balrugs
  8 ghouls
  A draconian shifter (Zot:1)
  Louise (D:14)
  2 draconian scorchers
  5 curse skulls
  6 reapers
  A spriggan defender (Depths:3)
  A juggernaut zombie (Hell)
  A deep elf elementalist (Elf:3)
  3 war gargoyles
  4 draconian annihilators
  2 draconian stormcallers (Zot:1)
  13 stone giants
  7 ironheart preservers
  6 vampire knights
  5 green draconians
  5 yellow draconians
  6 deep elf demonologists
  12 very ugly things
  4 black draconians
  5 deep elf annihilators
  6 white draconians
  6 red draconians
  A minotaur (Gauntlet)
  4 purple draconians
  2 lorocyprocas
  A spark wasp (Depths:1)
  4 deep elf death magi
  6 blizzard demons
  2 green deaths (Abyss:1)
  14 eidola
  A mummy priest (Crypt:3)
  A merfolk impaler (Depths:5)
  10 ettins
  7 jiangshi
  Josephine (Lair:6)
  3 great orbs of eyes
  8 yaktaur captains
  5 fire dragons
  3 deep elf high priests
  27 vault guards
  2 kraken zombies (Hell)
  A hydra (shapeshifter) (Vaults:5)
  6 ice dragons
  6 rakshasas
  9 hydras
  2 death knights
  A spriggan air mage (Depths:3)
  6 centaur warriors
  Erica (D:9)
  5 dancing weapons
  3 ogre magi
  9 two-headed ogres
  4 alligators
  4 death yaks (Lair:6)
  A tengu warrior (Depths:2)
  3 deep troll shamans
  17 thrashing horrors
  6 vampire magi
  12 deep elf knights
  2 titan zombies (Geh:1)
  7 deep troll earth magi
  A shock serpent (shapeshifter) (Vaults:5)
  14 hell hogs
  14 wretched stars
  A storm dragon zombie (Crypt:1)
  A spriggan berserker (Depths:2)
  5 soul eaters
  2 titan skeletons
  10 hell knights
  2 golden dragon zombies
  9 skeletal warriors
  9 sun demons
  A spark wasp zombie (Hell)
  8 spatial maelstroms (Abyss:1)
  5 sixfirhies (Abyss:1)
  2 storm dragon skeletons
  3 unseen horrors
  A sea snake (shapeshifter) (Vaults:4)
  An anaconda zombie (Hell)
  8 deep trolls
  2 shadow demons (Abyss:1)
  5 wizards
  15 deep elf archers
  7 flayed ghosts
  6 glowing orange brains
  A shadow dragon zombie (Hell)
  A ghost moth zombie (Geh:1)
  8 ironbrand convokers
  A golden dragon skeleton (Hell)
  39 large abominations
  4 orc knights
  A harpy (Vaults:2)
  A lindwurm (shapeshifter) (Vaults:5)
  16 phantasmal warriors
  An anaconda skeleton (Crypt:3)
  An orb spider (shapeshifter) (Vaults:1)
  8 necromancers
  43 deep elf magi
  4 fire giant zombies
  An iron dragon zombie (Abyss:1)
  5 manticores
  A salamander (Depths:1)
  12 orb spiders
  A shining eye (Abyss:1)
  A wolf spider (shapeshifter) (Depths:5)
  3 cyclopes
  16 ugly things
  2 stone giant zombies
  8 wolf spiders
  19 slime creatures
  An oklob plant (Lair:5)
  A manticore (shapeshifter) (Vaults:5)
  3 frost giant zombies
  7 orc sorcerers
  13 moths of wrath
  2 iron dragon skeletons
  12 worldbinders
  A fire giant skeleton (Crypt:3)
  A frost giant skeleton (Crypt:3)
  3 rust devils
  2 apocalypse crabs (Abyss:1)
  4 vault sentinels
  A black mamba (shapeshifter) (Vaults:4)
  A dire elephant zombie (Crypt:1)
  19 smoke demons
  A molten gargoyle (Hell)
  4 orange demons
  6 spiny frogs
  A torpor snail (Spider:1)
  A rime drake (Lair:3)
  2 centaur skeletons (D:15)
  A black draconian zombie (Crypt:1)
  A yellow draconian zombie (Geh:1)
  A gargoyle (D:12)
  A dire elephant skeleton (Geh:1)
  A kobold demonologist (Depths:4)
  An anaconda simulacrum (Hell)
  19 freezing wraiths
  4 efreet
  32 yaktaurs
  5 hellions
  10 hellwings
  A komodo dragon (Lair:2)
  3 hydra zombies
  5 demonic crawlers
  2 ice devils (Hell)
  15 ancient zymes
  2 human skeletons
  2 tengu conjurers
  4 red devils (Hell)
  A jumping spider (shapeshifter) (Vaults:2)
  A troll (shapeshifter) (Vaults:2)
  3 tyrant leeches
  A meliai (shapeshifter) (D:15)
  5 trolls
  15 jumping spiders
  A wolf spider simulacrum (IceCv)
  3 bog bodies
  28 raiju
  2 hippogriffs (shapeshifter)
  A dream sheep (Lair:5)
  2 ettin zombies (Hell)
  A hydra skeleton (Crypt:3)
  A dream sheep (shapeshifter) (Vaults:1)
  An iron dragon simulacrum (Abyss:1)
  A spriggan zombie (Hell)
  A frost giant simulacrum (Hell)
  An alligator zombie (Crypt:1)
  2 ice dragon zombies
  3 hippogriffs
  3 hornets
  42 small abominations
  12 flying skulls
  39 redbacks
  10 wraiths
  A fire dragon skeleton (Crypt:3)
  A wyvern (D:14)
  22 yaks
  2 shadows
  A tarantella (shapeshifter) (Abyss:2)
  An alligator skeleton (Hell)
  An ettin skeleton (Geh:1)
  A vampire (Abyss:1)
  12 ynoxinuls
  3 fire bats
  16 tarantellas
  4 basilisks
  7 fire elementals
  A black mamba skeleton (Crypt:3)
  A fire bat (shapeshifter) (Abyss:2)
  6 water elementals
  4 golden eyes (Abyss:1)
  2 yaks (shapeshifter)
  4 steam dragons
  A hungry ghost (D:15)
  10 vampire mosquitoes
  6 neqoxecs
  An emperor scorpion simulacrum (Abyss:1)
  13 spatial vortices (Abyss:1)
  An infernal demonspawn zombie (Crypt:1)
  5 wargs
  4 chaos spawn (Abyss:1)
  An ogre zombie (Depths:2)
  2 spiny frog zombies
  8 swamp worms
  Edmund (D:6)
  7 insubstantial wisps
  Duvessa (D:7)
  2 acid dragons
  8 hell hounds
  3 water moccasins
  2 floating eyes
  A hydra simulacrum (Hell)
  4 porcupines
  A torturous demonspawn skeleton (Crypt:1)
  A floating eye (shapeshifter) (Depths:4)
  A water nymph skeleton (Crypt:2)
  A necrophage (Geh:1)
  19 orc warriors
  7 ice beasts
  4 sky beasts
  100 starcursed masses
  3 swamp drakes
  2 black bears
  An ice dragon simulacrum (Abyss:2)
  21 ogres
  An eye of draining (shapeshifter) (Vaults:3)
  2 phantoms
  2 wolves
  2 eyes of draining
  13 boggarts
  A snapping turtle skeleton (Abyss:1)
  6 crocodiles
  15 centaurs
  A vampire mosquito zombie (Swamp:3)
  9 big kobolds
  An octopode zombie (Crypt:2)
  A hippogriff zombie (Crypt:2)
  5 bullfrogs
  A gnoll sergeant (D:10)
  A wyvern zombie (D:10)
  3 earth elementals (Abyss:2)
  A spiny frog simulacrum (Hell)
  A water moccasin zombie (Lair:1)
  9 wyvern skeletons (Crypt:3)
  A swamp dragon simulacrum (IceCv)
  2 scorpions
  A queen bee zombie (Crypt:2)
  An orc simulacrum (Vaults:2)
  A warg skeleton (Crypt:2)
  4 killer bees (D:7)
  12 wights
  An electric eel (D:10)
  3 howler monkeys
  A wolf zombie (Lair:6)
  A raiju skeleton (Gauntlet)
  A lava snake (Lair:5)
  7 crimson imps
  3 draconian simulacra (IceCv)
  6 jellies
  7 quasits
  3 hounds
  3 bullfrog skeletons
  9 orc priests
  41 orc wizards
  2 gnoll shamans
  10 iron imps (Abyss:1)
  An iguana (D:3)
  7 hell rats (Hell)
  8 worker ants
  2 troll simulacra (IceCv)
  A polar bear simulacrum (IceCv)
  2 spriggan simulacra (IceCv)
  A wolf simulacrum (IceCv)
  A centaur simulacrum (IceCv)
  3 hound zombies
  A naga skeleton (Crypt:3)
  A howler monkey skeleton (D:8)
  10 adders
  13 gnolls
  2 naga simulacra (IceCv)
  3 gnoll skeletons
  6 shadow imps
  21 white imps
  11 ufetubi
  9 oozes
  An adder zombie (D:7)
  3 orc zombies
  7 worms
  3 dart slugs
  3 leopard geckos
  71 orcs
  6 ball pythons (Sewer)
  A bat skeleton (Sewer)
  A bat zombie (Sewer)
  8 giant cockroaches
  4 goblins
  7 hobgoblins
  13 jackals
  A quokka (D:8)
  13 bats
  5 frilled lizards
  A gnoll zombie (D:10)
  18 kobolds
  A leopard gecko skeleton (D:6)
  2 orc skeletons
  5 rats
  6 briar patches (Swamp:4)
  6 crawling corpses
  3 fungi (Elf:2)
  A lurking horror (Abyss:1)
  7 plants
  13 starspawn tentacles
  4 tentacles (Hell)
  7 withered plants (Crypt:3)
2024 creatures vanquished.

Vanquished Creatures (collateral kills)
  An ancient lich (Depths:2)
  Sojobo (Depths:4)
  Bai Suzhen (Crypt:2)
  Xtahua (Depths:4)
  2 golden dragons
  Nikola (Vaults:2)
  Jory (Vaults:2)
  2 profane servitors
  A bone dragon (Depths:5)
  6 liches
  The ghost of xccam the Tortoise, an adept FoGl of Cheibriados (Spider:3)
  Rupert (Lair:5)
  A tentacled monstrosity (Depths:4)
  2 deep elf blademasters (Elf:3)
  2 quicksilver dragons
  7 tentacled starspawn
  2 sphinxes
  A shadow dragon (Depths:4)
  An ancient champion (Crypt:1)
  A draconian monk (Depths:5)
  4 thorn hunters
  Kirke (Lair:5)
  3 tengu reavers (Depths:4)
  A revenant (Abyss:1)
  Roxanne (Spider:4)
  2 storm dragons (Depths:4)
  6 fire giants
  5 deep elf sorcerers
  7 vault wardens
  5 frost giants
  5 ghost moths
  6 emperor scorpions (Spider:4)
  3 ghouls (Crypt:2)
  A ghost moth (shapeshifter) (Vaults:4)
  2 balrugs
  3 deep elf elementalists (Elf:3)
  4 very ugly things
  3 reapers
  6 ironheart preservers
  A spriggan defender (Depths:2)
  An entropy weaver (Vaults:3)
  2 vampire knights
  10 stone giants
  A green draconian (Zot:1)
  19 starcursed masses
  A dire elephant (D:15)
  A white draconian (Zot:1)
  7 deep elf demonologists
  6 deep elf annihilators
  6 spark wasps
  A red draconian (Zot:1)
  4 deep elf death magi
  Snorg (Lair:5)
  3 eidola
  4 ettins
  A quicksilver dragon zombie (Crypt:3)
  7 fire dragons
  A jiangshi (Crypt:2)
  5 ice dragons
  12 vault guards
  7 rakshasas
  3 great orbs of eyes
  7 yaktaur captains
  The ghost of Arum the Fighter, a journeyman FoFi of Okawaru (D:11)
  23 hydras
  A spriggan air mage (Depths:2)
  A deep elf high priest (Elf:3)
  A catoblepas (Lair:6)
  5 centaur warriors
  8 alligators
  4 ogre magi
  A death knight (Vaults:4)
  13 two-headed ogres
  A deep troll shaman (Lair:6)
  A titan zombie (Crypt:3)
  6 death yaks (Lair:6)
  28 dancing weapons
  5 tengu warriors
  2 spriggan berserkers
  4 deep troll earth magi
  5 thrashing horrors
  16 large abominations
  Sonja (Lair:6)
  21 deep elf knights
  A salamander mystic (Depths:1)
  13 skeletal warriors
  A hell knight (Abyss:1)
  5 soul eaters
  2 sixfirhies (Abyss:2)
  2 sun demons
  3 iron trolls
  4 wretched stars
  3 flayed ghosts
  2 unseen horrors
  An unseen horror (shapeshifter) (Depths:3)
  A spriggan druid (Swamp:4)
  A glowing orange brain (Vaults:2)
  18 deep trolls
  12 swamp dragons
  4 harpies (Vaults:2)
  7 phantasmal warriors
  An anaconda skeleton (Abyss:1)
  7 ironbrand convokers
  A wolf spider zombie (D:15)
  6 wizards
  11 necromancers
  6 orc knights
  9 deep elf archers
  40 deep elf magi
  30 wolf spiders
  14 orb spiders
  An orc sorcerer (Orc:2)
  2 fire giant zombies (Crypt:3)
  2 salamanders (Depths:1)
  33 ugly things
  3 cyclopes
  3 worldbinders
  2 iron dragon skeletons (Crypt:3)
  2 frost giant skeletons
  2 guardian serpents (shapeshifter)
  2 rust devils
  4 centaur zombies
  3 elephants (Lair:6)
  An orange demon (Abyss:1)
  7 vault sentinels
  Joseph (D:7)
  2 apocalypse crabs (Abyss:1)
  2 stone giant skeletons
  An elephant (shapeshifter) (Depths:2)
  A titan simulacrum (Abyss:1)
  Psyche (D:12)
  A molten gargoyle (Lair:5)
  An ice statue (IceCv)
  4 smoke demons (Abyss:1)
  A torpor snail (Lair:5)
  3 black mambas
  A catoblepas zombie (Crypt:3)
  4 centaur skeletons
  8 spiny frogs
  12 yaktaurs
  16 demonic crawlers
  3 efreet
  An alligator snapping turtle skeleton (Crypt:2)
  10 hellwings
  4 komodo dragons
  4 freezing wraiths
  3 tengu conjurers (Depths:2)
  2 guardian mummies (Crypt:3)
  A hornet (shapeshifter) (Depths:4)
  A silent spectre (Abyss:2)
  4 trolls
  An ancient zyme (Abyss:1)
  A meliai (Spider:4)
  32 jumping spiders
  2 polar bears
  7 tyrant leeches
  A jumping spider (shapeshifter) (Elf:1)
  10 hornets
  A tengu simulacrum (Vaults:3)
  A raiju (shapeshifter) (Abyss:1)
  6 blink frogs
  A meliai zombie (D:14)
  30 slime creatures
  2 fire dragon zombies
  3 ice dragon zombies
  5 hippogriffs
  7 bog bodies
  A harpy skeleton (Geh:1)
  8 raiju
  2 dream sheep (Lair:5)
  An ettin zombie (Vaults:4)
  2 flying skulls (Crypt:1)
  A spriggan (shapeshifter) (Elf:1)
  6 shadows
  2 air elementals
  A redback (shapeshifter) (Vaults:2)
  3 spriggans (Swamp:4)
  4 water elementals
  An ettin skeleton (Vaults:4)
  55 redbacks
  32 yaks
  28 tarantellas
  An ushabti (Crypt:3)
  6 wraiths
  4 ynoxinuls
  3 hogs (Lair:5)
  5 fire bats
  A wyvern (Lair:2)
  A hungry ghost (D:14)
  3 fire elementals
  2 basilisks
  7 vampire mosquitoes
  5 chaos spawn
  3 neqoxecs
  2 swamp worms
  7 spatial vortices (Abyss:1)
  5 wargs
  A merfolk zombie (Crypt:3)
  5 insubstantial wisps (Swamp:3)
  3 hell hounds (Geh:1)
  An orb spider zombie (Spider:4)
  6 water moccasins
  7 porcupines
  10 swamp drakes
  A black bear (Lair:6)
  2 floating eyes
  A sky beast (D:15)
  17 orc warriors
  4 ice beasts (IceCv)
  2 necrophages (Crypt:2)
  An eye of draining (shapeshifter) (Abyss:2)
  A snapping turtle zombie (Abyss:1)
  A manticore zombie (Crypt:3)
  9 wolves
  7 ogres
  3 boggarts
  A swamp dragon skeleton (Crypt:3)
  8 centaurs
  7 crocodiles
  A torpor snail zombie (Crypt:2)
  6 bullfrogs
  The ghost of suvakkihuora the Sneak, an amateur SpMo of Gozag (D:14)
  An elf zombie (Crypt:2)
  2 earth elementals
  A wyvern zombie (D:15)
  22 small abominations
  Dowan (D:7)
  A scorpion (D:5)
  3 wyvern skeletons (Crypt:3)
  A jelly (Abyss:1)
  A spriggan zombie (Crypt:3)
  A human simulacrum (Vaults:1)
  2 wights (Abyss:1)
  3 crimson imps
  2 draconian simulacra (IceCv)
  2 iron imps (Abyss:1)
  3 lava snakes (Lair:5)
  5 quasits
  3 orc priests
  15 orc wizards
  Ijyb (D:5)
  2 iguanas
  A worker ant (D:14)
  4 troll simulacra (IceCv)
  A spriggan simulacrum (IceCv)
  A centaur simulacrum (IceCv)
  A hound skeleton (D:4)
  2 gnolls (D:10)
  An adder (D:12)
  2 naga simulacra (IceCv)
  2 shadow imps
  9 white imps
  An ufetubus (Abyss:1)
  An ooze (D:5)
  A worm (shapeshifter) (D:14)
  2 leopard geckos
  37 orcs
  A giant cockroach (D:5)
  A jackal (D:7)
  A bat (Sewer)
  3 briar patches
  A bush (Lair:4)
  A butterfly (Lair:6)
  A crawling corpse (Elf:3)
  17 fungi
  8 plants
  4 starspawn tentacles (Abyss:1)
  10 withered plants (Crypt:3)
1331 creatures vanquished.

Vanquished Creatures (others)
  5 bone dragons
  2 profane servitors
  An eldritch tentacle (Geh:1)
  A spectral demigod (Crypt:3)
  A deep elf sorcerer (Vaults:1)
  12 ghouls
  3 vampire knights
  A centaur warrior (Depths:3)
  7 skeletal warriors
  2 very ugly thing zombies (Depths:2)
  A deep troll (Depths:5)
  15 flayed ghosts
  An orc knight (Vaults:5)
  12 phantasmal warriors
  2 wolf spider zombies (Spider:4)
  A deep elf mage (Elf:2)
  A stone giant skeleton (Depths:2)
  An ugly thing (Depths:2)
  4 redback zombies
  A swamp worm zombie (Swamp:2)
  2 yaktaur skeletons (Depths:5)
  3 hydra zombies
  A harpy zombie (Vaults:2)
  3 ugly thing zombies
  2 blink frogs (Lair:5)
  A jumping spider zombie (Spider:4)
  A raiju (Abyss:1)
  A harpy skeleton (Vaults:2)
  17 flying skulls
  A fire dragon zombie (Depths:2)
  13 vampires
  A wraith (Swamp:1)
  A golden eye (shapeshifter) (Abyss:2)
  A deep troll zombie (Depths:2)
  2 tengu zombies (Depths:2)
  2 spiny frog zombies
  An elf skeleton (Elf:1)
  An orc warrior (Vaults:1)
  A deep troll skeleton (Depths:2)
  2 swamp dragon zombies (Swamp:4)
  3 elf zombies
  A centaur (D:13)
  A small abomination (Abyss:2)
  A human skeleton (D:9)
  3 vampire mosquito zombies
  A hippogriff zombie (Lair:5)
  2 yaktaur zombies (Depths:5)
  A water moccasin zombie (Lair:6)
  A raiju zombie (Gauntlet)
  A yak skeleton (D:11)
  2 wights
  A wolf zombie (Lair:6)
  A wolf skeleton (Lair:3)
  A bullfrog skeleton (D:8)
  A basilisk zombie (Lair:3)
  A bog body skeleton (Swamp:4)
  An orc wizard (Vaults:5)
  A porcupine zombie (Lair:5)
  A porcupine skeleton (Lair:3)
  A big kobold zombie (D:7)
  A crocodile zombie (Lair:5)
  3 ogre skeletons (D:9)
  A mummy (D:9)
  A worker ant zombie (D:5)
  A scorpion zombie (D:9)
  2 steam dragon zombies (Gauntlet)
  An ufetubus (Abyss:1)
  An orc (Vaults:5)
  A bat skeleton (Sewer)
  A gnoll zombie (D:10)
  A frilled lizard (D:2)
  3 gnoll skeletons
  A kobold zombie (D:7)
  7 orc skeletons
  4 orc zombies
  A briar patch (Swamp:4)
  3 demonic plants (Gauntlet)
  A fungus (Lair:5)
  2 lurking horrors
  20 plants
  59 starspawn tentacles
  12 tentacles (Hell)
  11 withered plants (Crypt:3)
295 creatures vanquished.

Grand Total: 3650 creatures vanquished

Notes
Turn   | Place    | Note
-------+----------+-------------------------------------------
     0 | D:1      | arthur the Demonspawn Fire Elementalist began the quest for
                  | the Orb.
     0 | D:1      | Reached XP level 1. HP: 13/13 MP: 3/3
   425 | D:1      | Gained mutation: You have sharp toenails. [demonic
                  | ancestry]
   425 | D:1      | Reached XP level 2. HP: 19/19 MP: 0/5
   899 | D:1      | Gained mutation: You sometimes gain a little power by
                  | taking damage. [demonic ancestry]
   899 | D:1      | Reached XP level 3. HP: 24/24 MP: 1/6
  1180 | D:2      | Reached skill level 2 in Conjurations
  1194 | D:2      | Found a basalt altar of Yredelemnul.
  1196 | D:2      | Noticed a profane servitor
  1204 | D:2      | Became a worshipper of Yredelemnul the Dark
  1213 | D:2      | Found a glowing golden altar of the Shining One.
  1435 | D:2      | Noticed an angel
  1540 | D:2      | Found a deep blue altar of Sif Muna.
  1612 | D:2      | Gained mutation: You sometimes gain power by taking damage.
                  | [demonic ancestry]
  1612 | D:2      | Reached XP level 4. HP: 30/30 MP: 5/8
  1718 | D:2      | Gained mutation: You expend magic power (3 MP) to
                  | strengthen your wands. [potion of mutation]
  1718 | D:2      | Gained mutation: You are dopey. (Int -2) [potion of
                  | mutation]
  1718 | D:2      | Gained mutation: You are clumsy. (Dex -2) [potion of
                  | mutation]
  1718 | D:2      | Lost mutation: You are clumsy. (Dex -2) [potion of
                  | mutation]
  2255 | D:3      | Reached * piety under Yredelemnul
  2739 | D:4      | Reached XP level 5. HP: 35/35 MP: 3/9
  2816 | D:4      | Reached skill level 3 in Conjurations
  2816 | D:4      | Reached skill level 1 in Invocations
  2826 | D:4      | HP: 1/35 [big kobold/+2 dagger of venom (7)]
  2829 | D:4      | Gained mutation: You are partially covered in iridescent
                  | scales. (AC +2) [demonic ancestry]
  2829 | D:4      | Reached XP level 6. HP: 20/41 MP: 0/11
  3482 | D:4      | Reached XP level 7. HP: 25/46 MP: 8/13
  3836 | D:5      | Entered Level 5 of the Dungeon
  3840 | D:5      | Reached skill level 4 in Conjurations
  3920 | D:5      | Found a blossoming altar of Fedhas.
  4031 | D:5      | Reached ** piety under Yredelemnul
  4060 | D:5      | Found a glowing silver altar of Zin.
  4060 | D:5      | Found an opulent altar of Gozag.
  4072 | D:5      | Reached skill level 5 in Fire Magic
  4104 | D:5      | Found a glowing drain.
  4198 | Sewer    | Entered a sewer
  4907 | D:5      | Reached XP level 8. HP: 23/52 MP: 13/15
  4963 | D:5      | You fall through a shaft for 3 floors!
  4972 | D:8      | Reached skill level 5 in Conjurations
  4972 | D:8      | Reached skill level 5 in Invocations
  5119 | D:8      | Reached skill level 5 in Spellcasting
  5217 | D:8      | Identified the Handbook of Blistering Stones
  5252 | D:8      | Found an ornate altar of the Wu Jian Council.
  5358 | D:8      | HP: 2/52 [orc priest/divine providence (16)]
  5673 | D:8      | Reached *** piety under Yredelemnul
  5692 | D:8      | Found a hide-covered altar of Uskayaw.
  5793 | D:7      | Noticed Duvessa
  5795 | D:7      | Noticed Dowan
  5946 | D:7      | Reached skill level 6 in Conjurations
  6002 | D:7      | Reached XP level 9. HP: 29/57 MP: 4/17
  6683 | D:7      | Learned a level 5 spell: Fireball
  6711 | D:6      | Found Few Paus's General Store.
  6720 | D:6      | Bought a scroll of identify for 28 gold pieces
  6720 | D:6      | Bought a +0 helmet for 63 gold pieces
  6720 | D:6      | Bought a scroll of identify for 28 gold pieces
  6792 | D:6      | Identified the +2 scale mail of the Will of the Gods
                  | {*Drain MR+ Dex+2}
  6805 | D:6      | Noticed Edmund
  6882 | D:6      | Found Qabriducw's Distillery.
  6893 | D:6      | Bought a potion of heal wounds for 60 gold pieces
  6893 | D:6      | Bought a potion of curing for 36 gold pieces
  6893 | D:6      | Bought a potion of lignification for 36 gold pieces
  7066 | D:5      | Noticed Ijyb
  7075 | D:5      | Killed Ijyb
  7113 | D:5      | Found a white marble altar of Elyvilon.
  7202 | D:6      | Found Ruej's Distillery.
  7219 | D:6      | Reached **** piety under Yredelemnul
  7280 | D:6      | Found Nackysol's Distillery.
  7471 | D:6      | Killed Edmund
  7892 | D:7      | Noticed a four-headed hydra
  8292 | D:8      | Found a sacrificial altar of Ru.
  8455 | D:9      | Noticed Erica
  8463 | D:9      | Killed Erica
  8463 | D:9      | Reached skill level 7 in Conjurations
  8975 | D:9      | Found a staircase to the Orcish Mines.
  8975 | D:9      | Noticed a troll
  9011 | D:9      | Gained mutation: You have razor-sharp toenails. [demonic
                  | ancestry]
  9011 | D:9      | Reached XP level 10. HP: 47/63 MP: 14/20
  9064 | D:9      | Your ally Erica died
  9504 | D:9      | Received a gift from Yredelemnul (a mummy)
  9631 | D:9      | Reached skill level 5 in Dodging
  9833 | D:10     | Entered Level 10 of the Dungeon
 10047 | D:9      | Reached skill level 1 in Fighting
 10047 | D:9      | Reached skill level 8 in Conjurations
 10297 | D:10     | Received a gift from Yredelemnul (a wight)
 10707 | D:10     | Noticed a wizard
 10715 | D:10     | Killed a wizard
 11050 | D:10     | Gained mutation: You have claws for feet. [demonic
                  | ancestry]
 11050 | D:10     | Reached XP level 11. HP: 65/75 MP: 6/23
 11420 | D:11     | Got a jewelled ring mail
 11431 | D:11     | Identified the +4 ring mail of Fisoasub {MR+} (You found it
                  | on level 11 of the Dungeon)
 11497 | D:11     | Reached skill level 9 in Conjurations
 11679 | D:11     | Found a runed translucent gate.
 11680 | D:11     | Found a runed translucent gate.
 11680 | D:11     | Found a runed translucent gate.
 11680 | D:11     | Found an opulent altar of Gozag.
 11682 | D:11     | Found Higic's Assorted Antiques.
 11682 | D:11     | Noticed a flayed ghost
 11683 | D:11     | Noticed Arum's ghost (journeyman FoFi)
 11683 | D:11     | Noticed a centaur warrior
 11709 | D:11     | Found a staircase to the Lair.
 11720 | D:11     | Reached skill level 1 in Armour
 11722 | D:11     | Received a gift from Yredelemnul (a wight)
 11745 | D:11     | Noticed a cyan ugly thing
 11758 | D:11     | Killed a cyan ugly thing
 12265 | Lair:1   | Entered Level 1 of the Lair of Beasts
 12352 | Lair:1   | Received a gift from Yredelemnul (4 flying skulls)
 12425 | Lair:1   | Noticed a five-headed hydra
 12427 | Lair:1   | Killed a five-headed hydra
 12460 | Lair:1   | Lost mutation: You expend magic power (3 MP) to strengthen
                  | your wands. [potion of mutation]
 12460 | Lair:1   | Lost mutation: You are dopey. (Int -2) [potion of mutation]
 12460 | Lair:1   | Gained mutation: You possess an exceptional clarity of
                  | mind. [potion of mutation]
 12460 | Lair:1   | Gained mutation: Your muscles are strong. (Str +2) [potion
                  | of mutation]
 12658 | Lair:1   | Reached skill level 5 in Fighting
 12661 | Lair:1   | Reached ***** piety under Yredelemnul
 12828 | Lair:2   | Received a gift from Yredelemnul (a wight)
 12893 | Lair:2   | Found a staircase to the Swamp.
 13540 | Lair:2   | Received a gift from Yredelemnul (2 flying skulls)
 13577 | Lair:3   | Found a gate leading to a gauntlet.
 13821 | Gauntlet | Entered a Gauntlet
 13821 | Gauntlet | Found a transporter.
 13821 | Gauntlet | Found a transporter.
 13836 | Gauntlet | Found a transporter.
 13845 | Gauntlet | Found a transporter.
 13894 | Gauntlet | Found a transporter.
 13894 | Gauntlet | Found a transporter.
 13911 | Gauntlet | Found a transporter.
 14162 | Gauntlet | Found a transporter.
 14206 | Gauntlet | Found a transporter.
 14321 | Gauntlet | Found a transporter.
 14325 | Gauntlet | Noticed a reaper
 14329 | Gauntlet | Found a transporter.
 14368 | Gauntlet | Found a transporter.
 14378 | Gauntlet | Found a transporter.
 14379 | Gauntlet | Noticed a death drake
 14382 | Gauntlet | Found the ring of the Octopus King
 14414 | Gauntlet | Killed a reaper
 14414 | Gauntlet | Reached XP level 12. HP: 21/87 MP: 14/25
 14438 | Gauntlet | Got a fine cloak
 14449 | Gauntlet | Identified the +0 cloak of Itoisul {rElec Dex+3} (You found
                  | it in a Gauntlet)
 14724 | Gauntlet | Identified the +6 glaive of Precise Incision {chop, *Contam
                  | rC+ rN+ MR+}
 14724 | Gauntlet | Identified the +12 pearl dragon scales of Failure {+Inv rN+
                  | MR+ Int+2}
 14724 | Gauntlet | Noticed a minotaur
 14735 | Gauntlet | Killed a minotaur
 14735 | Gauntlet | Reached skill level 10 in Conjurations
 14735 | Gauntlet | Received a gift from Yredelemnul (a phantasmal warrior)
 14755 | Gauntlet | Identified the Reference Book on Talismans
 15129 | Lair:3   | You fall through a shaft for 2 floors!
 15129 | Lair:5   | Found a frozen archway.
 15133 | Lair:5   | Noticed an eight-headed hydra
 15144 | Lair:5   | Killed a nine-headed hydra
 15196 | Lair:5   | Received a gift from Yredelemnul (2 flying skulls)
 15198 | Lair:5   | Reached skill level 5 in Armour
 15200 | Lair:5   | Reached skill level 10 in Fire Magic
 15204 | Lair:5   | Noticed Kirke
 15209 | Lair:5   | Killed Kirke
 15282 | Lair:5   | Noticed Rupert
 15290 | Lair:5   | Killed Rupert
 15290 | Lair:5   | Reached skill level 10 in Spellcasting
 15332 | IceCv    | Entered an ice cave
 15348 | IceCv    | Received a gift from Yredelemnul (4 flying skulls)
 15423 | IceCv    | Received a gift from Yredelemnul (a vampire)
 15612 | IceCv    | Found an ancient bone altar of Kikubaaqudgha.
 15634 | IceCv    | Reached skill level 11 in Conjurations
 15997 | IceCv    | Received a gift from Yredelemnul (5 flying skulls)
 16174 | IceCv    | Gained mutation: Your flesh is heat resistant. (rF+)
                  | [demonic ancestry]
 16174 | IceCv    | Reached XP level 13. HP: 93/93 MP: 0/27
 16194 | IceCv    | Learned a level 5 spell: Iskenderun's Battlesphere
 16452 | Lair:4   | Found a hole to the Spider Nest.
 16461 | Lair:4   | Reached skill level 1 in Charms
 17089 | Lair:4   | Received a gift from Yredelemnul (a skeletal warrior)
 17953 | Lair:5   | Found a staircase to the Slime Pits.
 17956 | Lair:5   | Reached skill level 1 in Evocations
 18151 | Lair:5   | Noticed Snorg
 18156 | Lair:5   | Received a gift from Yredelemnul (a phantasmal warrior)
 18158 | Lair:5   | Killed Snorg
 18383 | Lair:6   | Entered Level 6 of the Lair of Beasts
 18422 | Lair:6   | Received a gift from Yredelemnul (a vampire knight)
 18462 | Lair:6   | Killed Sonja
 18597 | Lair:6   | Noticed Josephine
 18601 | Lair:6   | Killed Josephine
 18634 | Lair:6   | Lost mutation: Your muscles are strong. (Str +2) [potion of
                  | mutation]
 18634 | Lair:6   | Gained mutation: Your flesh is cold resistant. (rC+)
                  | [potion of mutation]
 18634 | Lair:6   | Gained mutation: Your spells are a little harder to cast,
                  | but a little more powerful. [potion of mutation]
 18634 | Lair:6   | Gained mutation: Your body sometimes deteriorates upon
                  | taking damage. [potion of mutation]
 18634 | Lair:6   | Gained mutation: Your mind is acute. (Int +2) [potion of
                  | mutation]
 18871 | Lair:6   | Got a bone glaive
 18872 | Lair:6   | Identified the +7 glaive of Light {chop, rElec MP+9 SInv
                  | Stlth-} (You found it on level 6 of the Lair of Beasts)
 18875 | Lair:6   | Identified 2 scrolls of acquirement
 18896 | Lair:6   | Lost mutation: Your mind is acute. (Int +2) [mutagenic
                  | glow]
 19113 | Lair:6   | Got a smoking granite ring
 19115 | Lair:6   | Identified the ring of Maf Pock {rCorr rElec MR- Str+2
                  | Int+2 Stlth+} (You acquired it on level 6 of the Lair of
                  | Beasts)
 19118 | Lair:6   | Got a bound crystal amulet
 19120 | Lair:6   | Identified the amulet of Tomorrow {Reflect MP+9 SH+3} (You
                  | acquired it on level 6 of the Lair of Beasts)
 19564 | Orc:1    | Entered Level 1 of the Orcish Mines
 19761 | Orc:2    | Entered Level 2 of the Orcish Mines
 19784 | Orc:2    | Received a gift from Yredelemnul (a wraith)
 19842 | Orc:2    | Paralysed by an orc sorcerer for 4 turns
 19851 | Orc:2    | Received a gift from Yredelemnul (a flayed ghost)
 19858 | Orc:2    | Found Entes's Gadget Shop.
 19858 | Orc:2    | Found Rogioguj's Jewellery Emporium.
 19884 | Orc:2    | Found a roughly hewn altar of Beogh.
 19894 | Orc:2    | Gained mutation: You are powered by pain. [demonic
                  | ancestry]
 19894 | Orc:2    | Reached XP level 14. HP: 100/100 MP: 18/29
 19922 | Orc:2    | Found Hevvunk's Food Emporium.
 19925 | Orc:2    | Found Kuidghabb's Weapon Shop.
 19929 | Orc:2    | Reached ****** piety under Yredelemnul
 20126 | Orc:2    | Found a staircase to the Elven Halls.
 20444 | Orc:1    | Received a gift from Yredelemnul (a skeletal warrior)
 20446 | Orc:1    | Reached skill level 1 in Polearms
 20832 | Swamp:1  | Entered Level 1 of the Swamp
 21048 | Swamp:1  | Noticed Jorgrun
 21052 | Swamp:1  | Killed Jorgrun
 21099 | Swamp:1  | Reached skill level 12 in Conjurations
 21480 | Swamp:2  | Received a gift from Yredelemnul (a bone dragon)
 21492 | Swamp:2  | Noticed a thorn hunter
 21501 | Swamp:2  | Killed a thorn hunter
 22435 | Swamp:3  | Received a gift from Yredelemnul (a phantasmal warrior)
 22436 | Swamp:3  | Reached skill level 5 in Charms
 22549 | Swamp:3  | Reached skill level 5 in Evocations
 22554 | Swamp:3  | Received a gift from Yredelemnul (a ghoul)
 22838 | Swamp:4  | Entered Level 4 of the Swamp
 22845 | Swamp:4  | Noticed a thorn hunter
 22851 | Swamp:4  | Killed a thorn hunter
 22873 | Swamp:4  | Received a gift from Yredelemnul (a vampire)
 23204 | Swamp:4  | Reached XP level 15. HP: 86/108 MP: 30/30
 23210 | Swamp:4  | Received a gift from Yredelemnul (a profane servitor)
 23213 | Swamp:4  | Noticed a thorn hunter
 23226 | Swamp:4  | Killed a thorn hunter
 23228 | Swamp:4  | Noticed a thorn hunter
 23518 | Swamp:4  | Killed a thorn hunter
 23702 | Swamp:4  | Lost mutation: Your flesh is cold resistant. (rC+) [potion
                  | of mutation]
 23702 | Swamp:4  | Lost mutation: Your spells are a little harder to cast, but
                  | a little more powerful. [potion of mutation]
 23702 | Swamp:4  | Lost mutation: Your body sometimes deteriorates upon taking
                  | damage. [potion of mutation]
 23702 | Swamp:4  | Lost mutation: You possess an exceptional clarity of mind.
                  | [potion of mutation]
 23702 | Swamp:4  | Gained mutation: You are dopey. (Int -2) [potion of
                  | mutation]
 23702 | Swamp:4  | Gained mutation: You possess an exceptional clarity of
                  | mind. [potion of mutation]
 23702 | Swamp:4  | Gained mutation: You are robust. (+10% HP) [potion of
                  | mutation]
 23703 | Swamp:4  | Lost mutation: You possess an exceptional clarity of mind.
                  | [potion of mutation]
 23703 | Swamp:4  | Lost mutation: You are dopey. (Int -2) [potion of mutation]
 23703 | Swamp:4  | Lost mutation: You are robust. (+10% HP) [potion of
                  | mutation]
 23703 | Swamp:4  | Gained mutation: You expend magic power (3 MP) to
                  | strengthen your wands. [potion of mutation]
 23703 | Swamp:4  | Gained mutation: Scrolls take you a little longer to read.
                  | [potion of mutation]
 23703 | Swamp:4  | Gained mutation: You tend to lose your temper in combat.
                  | [potion of mutation]
 23703 | Swamp:4  | Gained mutation: You have sharp fingernails. [potion of
                  | mutation]
 24047 | Swamp:4  | Got a decaying rune of Zot
 24169 | Spider:1 | Entered Level 1 of the Spider Nest
 24185 | Spider:1 | Received a gift from Yredelemnul (a vampire)
 24190 | Spider:1 | Noticed a ghost moth
 24203 | Spider:1 | Killed a ghost moth
 24370 | Spider:1 | Received a gift from Yredelemnul (a ghoul)
 24370 | Spider:1 | Received a gift from Yredelemnul (a vampire)
 24399 | Lair:4   | Learned a level 3 spell: Regeneration
 24735 | Spider:1 | Reached skill level 1 in Necromancy
 25326 | Spider:2 | Noticed a ghost moth
 25330 | Spider:2 | Killed a ghost moth
 25763 | Spider:3 | Received a gift from Yredelemnul (a ghoul)
 26117 | Spider:3 | Received a gift from Yredelemnul (a flayed ghost)
 26376 | Spider:3 | Received a gift from Yredelemnul (a skeletal warrior)
 26433 | Spider:3 | Found a runed translucent door.
 26433 | Spider:3 | Noticed xccam's ghost (adept FoGl)
 26450 | Spider:3 | Killed xccam's ghost
 26570 | Spider:3 | Received a gift from Yredelemnul (a vampire)
 26660 | Spider:3 | Reached XP level 16. HP: 118/118 MP: 32/32
 26835 | Spider:4 | Entered Level 4 of the Spider Nest
 26835 | Spider:4 | Noticed Roxanne
 26886 | Spider:4 | Reached skill level 13 in Conjurations
 26893 | Spider:3 | HP: 5/118 [poisoned by a ghost moth]
 26894 | Spider:3 | HP: 2/118 [poisoned by a ghost moth]
 27151 | Spider:4 | Received a gift from Yredelemnul (a flayed ghost)
 27152 | Spider:4 | Noticed Arachne
 27173 | Spider:4 | Received a gift from Yredelemnul (a bone dragon)
 27362 | Spider:4 | Killed Arachne
 27570 | Spider:4 | Received a gift from Yredelemnul (a profane servitor)
 27703 | Spider:4 | Killed Roxanne
 27748 | Spider:4 | Received a gift from Yredelemnul (a phantasmal warrior)
 27763 | Spider:4 | Reached skill level 5 in Necromancy
 27789 | Spider:4 | Received a gift from Yredelemnul (a vampire knight)
 27937 | Spider:4 | Got a gossamer rune of Zot
 28197 | Spider:4 | Learned a level 5 spell: Bolt of Draining
 28472 | Elf:1    | Entered Level 1 of the Elven Halls
 28785 | Elf:1    | Received a gift from Yredelemnul (a phantasmal warrior)
 28869 | Elf:1    | Received a gift from Yredelemnul (a flayed ghost)
 28951 | Elf:1    | Gained mutation: You are partially covered in sharp spines.
                  | [demonic ancestry]
 28951 | Elf:1    | Reached XP level 17. HP: 126/126 MP: 30/33
 29304 | Elf:1    | Found Haeres's Jewellery Shoppe.
 29326 | Elf:1    | Bought the ring "Omujoh" {rPois Str+4 Int+4} for 438 gold
                  | pieces
 29725 | Elf:2    | Found a deep blue altar of Sif Muna.
 29894 | Elf:2    | Reached skill level 10 in Fighting
 29913 | Elf:2    | Found a runed translucent gate.
 29913 | Elf:2    | Found a runed translucent gate.
 29931 | Elf:2    | Found a runed translucent gate.
 29969 | Elf:2    | Noticed Donald
 29973 | Elf:2    | Received a gift from Yredelemnul (a ghoul)
 29979 | Elf:2    | Killed Donald
 30024 | Elf:2    | Noticed a deep elf blademaster
 30029 | Elf:2    | Killed a deep elf blademaster
 30171 | Elf:2    | Reached skill level 14 in Conjurations
 30816 | Elf:3    | Entered Level 3 of the Elven Halls
 30841 | Elf:3    | Received a gift from Yredelemnul (a vampire knight)
 30921 | Elf:3    | Found Oterrech's Book Shop.
 30927 | Elf:3    | Bought a manual of Conjurations for 1545 gold pieces
 30938 | Elf:3    | Found Witaloel's Jewellery Emporium.
 30958 | Elf:3    | Received a gift from Yredelemnul (a phantasmal warrior)
 31181 | Elf:3    | Reached skill level 10 in Necromancy
 31493 | Elf:3    | Found Oskeila's Jewellery Emporium.
 31741 | Elf:3    | Identified the cursed +0 rapier "Impbane" {pierce, +Inv
                  | Int+7}
 31747 | Elf:3    | Noticed a Brimstone Fiend
 31748 | Elf:3    | Noticed an Ice Fiend
 31756 | Elf:3    | Noticed a deep elf blademaster
 31760 | Elf:3    | Noticed an Ice Fiend
 31760 | Elf:3    | Killed a deep elf blademaster
 31767 | Elf:3    | Reached XP level 18. HP: 32/136 MP: 15/34
 32160 | Elf:3    | Identified Saqiowyu's Disquisition on Flying Enhancements
 32257 | Elf:3    | Identified the +4 war axe of Sequestration {flame, Dex+3}
 32264 | Elf:3    | Reached skill level 10 in Dodging
 32358 | Elf:3    | Learned a level 2 spell: Sublimation of Blood
 32440 | Elf:3    | Bought a book of Power for 630 gold pieces
 32448 | Elf:3    | Learned a level 7 spell: Orb of Destruction
 32661 | D:7      | Noticed Joseph
 32668 | D:7      | Killed Joseph
 32726 | D:7      | Received a gift from Yredelemnul (a vampire)
 32733 | D:7      | Killed Duvessa
 32734 | D:7      | Killed Dowan
 32761 | D:7      | Found a stormy altar of Qazlal.
 32956 | D:7      | Found a staircase to the Ecumenical Temple.
 33365 | D:11     | Killed Arum's ghost
 33407 | D:11     | Bought a potion of cancellation for 296 gold pieces
 33407 | D:11     | Bought a potion of cancellation for 296 gold pieces
 33407 | D:11     | Bought a potion of agility for 148 gold pieces
 33559 | D:12     | Noticed Psyche
 33561 | D:12     | Killed Psyche
 33620 | D:12     | Received a gift from Yredelemnul (a skeletal warrior)
 33976 | D:12     | Received a gift from Yredelemnul (a vampire knight)
 34078 | D:12     | Reached skill level 15 in Conjurations
 34345 | D:12     | Received a gift from Yredelemnul (a vampire)
 34626 | D:13     | Received a gift from Yredelemnul (a ghoul)
 34759 | D:13     | Noticed Frances
 34767 | D:13     | Killed Frances
 34829 | D:13     | Received a gift from Yredelemnul (a bone dragon)
 34962 | D:13     | Found a stormy altar of Qazlal.
 35423 | D:14     | Received a gift from Yredelemnul (a phantasmal warrior)
 35581 | D:14     | Found a gate to the Vaults.
 35627 | D:14     | Noticed Louise
 35637 | D:14     | Killed Louise
 35637 | D:14     | Reached skill level 10 in Armour
 36059 | D:14     | Found a runed translucent door.
 36060 | D:14     | Found a shimmering altar of Xom.
 36060 | D:14     | Noticed suvakkihuora's ghost (amateur SpMo)
 36068 | D:14     | Killed suvakkihuora's ghost
 36260 | D:15     | Entered Level 15 of the Dungeon
 36265 | D:15     | Received a gift from Yredelemnul (a skeletal warrior)
 36314 | D:15     | Received a gift from Yredelemnul (a ghoul)
 36547 | D:15     | Received a gift from Yredelemnul (a skeletal warrior)
 36720 | D:15     | Found a staircase to the Depths.
 36995 | Depths:1 | Entered Level 1 of the Depths
 37312 | Depths:1 | Received a gift from Yredelemnul (a ghoul)
 37367 | Depths:1 | Reached skill level 16 in Conjurations
 37370 | Depths:1 | Reached XP level 19. HP: 63/144 MP: 10/35
 37571 | Depths:1 | Found a one-way gate to the infinite horrors of the Abyss.
 37751 | Depths:1 | Received a gift from Yredelemnul (a vampire)
 38031 | Depths:1 | Found a gateway to Hell.
 38756 | Depths:2 | Received a gift from Yredelemnul (a profane servitor)
 38797 | Depths:2 | Noticed a lich
 38801 | Depths:2 | Killed a lich
 38928 | Depths:2 | Identified Woax's Almanac of the Arsonist and Talismans
 38934 | Depths:2 | Learned a level 3 spell: Ozocubu's Armour
 38940 | Depths:2 | Learned a level 3 spell: Mephitic Cloud
 38946 | Depths:2 | Learned a level 5 spell: Bolt of Magma
 39008 | Depths:2 | Got an ebony falchion
 39009 | Depths:2 | Identified the +2 falchion "Dragon's Foe" {venom, *Corrode
                  | +Blink rPois Int-2} (You found it on level 2 of the Depths)
 39037 | Depths:2 | Received a gift from Yredelemnul (a vampire)
 39174 | Depths:2 | Found a gateway to a ziggurat.
 39175 | Depths:2 | Noticed an ancient lich
 39219 | Depths:2 | Killed an ancient lich
 39544 | Depths:2 | Lost mutation: You expend magic power (3 MP) to strengthen
                  | your wands. [potion of mutation]
 39544 | Depths:2 | Lost mutation: Scrolls take you a little longer to read.
                  | [potion of mutation]
 39544 | Depths:2 | Lost mutation: You tend to lose your temper in combat.
                  | [potion of mutation]
 39544 | Depths:2 | Gained mutation: Your flesh is cold resistant. (rC+)
                  | [potion of mutation]
 39544 | Depths:2 | Gained mutation: Your flesh is very heat resistant. (rF++)
                  | [potion of mutation]
 39841 | Depths:3 | Received a gift from Yredelemnul (a bone dragon)
 39924 | Depths:3 | Found Jot Cetu's Gadget Emporium.
 40071 | Depths:3 | Reached skill level 17 in Conjurations
 40170 | Depths:3 | Found a one-way gate leading to the halls of Pandemonium.
 40201 | Depths:3 | Paralysed by a floating eye for 4 turns
 40708 | Depths:3 | Gained mutation: You are mostly covered in iridescent
                  | scales. (AC +4) [demonic ancestry]
 40708 | Depths:3 | Reached XP level 20. HP: 111/151 MP: 19/37
 41005 | Depths:3 | Identified the Compendium of Enthralling Moulding
 41032 | Depths:3 | Received a gift from Yredelemnul (a ghoul)
 41180 | Depths:4 | Noticed Sojobo
 41428 | Vaults:1 | Entered Level 1 of the Vaults
 41440 | Vaults:1 | Reached skill level 10 in Invocations
 41904 | Vaults:1 | Reached skill level 10 in Charms
 41905 | Vaults:1 | Received a gift from Yredelemnul (a bone dragon)
 41944 | Vaults:1 | Received a gift from Yredelemnul (a vampire)
 42023 | Vaults:1 | Reached skill level 15 in Fire Magic
 42194 | Vaults:1 | Reached skill level 18 in Conjurations
 42706 | Vaults:1 | Found Toishatt's Book Shop.
 42984 | Vaults:2 | Found Gubolist's Antique Armour Boutique.
 43153 | Vaults:2 | Noticed Nikola
 43157 | Vaults:2 | Noticed Jory
 43159 | Vaults:2 | Killed Nikola
 43170 | Vaults:2 | Killed Jory
 43556 | Vaults:2 | Received a gift from Yredelemnul (a phantasmal warrior)
 43984 | Vaults:3 | Gained mutation: You are mostly covered in sharp spines.
                  | [demonic ancestry]
 43984 | Vaults:3 | Reached XP level 21. HP: 157/157 MP: 39/39
 44024 | Vaults:3 | Found a staircase to the Crypt.
 44024 | Vaults:3 | Found a basalt altar of Yredelemnul.
 44025 | Vaults:3 | Found an ancient bone altar of Kikubaaqudgha.
 44071 | Vaults:3 | Received a gift from Yredelemnul (a flayed ghost)
 44234 | Vaults:3 | Found a flickering gateway to a bazaar.
 44245 | Vaults:3 | Received a gift from Yredelemnul (a profane servitor)
 44252 | Bazaar   | Entered a bazaar
 44252 | Bazaar   | Found Giemec's Book Emporium.
 44252 | Bazaar   | Found Ymonuab's Antique Weapon Shop.
 44252 | Bazaar   | Found Qogruimn's Assorted Antiques.
 44252 | Bazaar   | Found Buahy's Gadget Shop.
 44254 | Bazaar   | Found Lugyuvun's Weapon Shoppe.
 44296 | Bazaar   | Bought a potion of curing for 78 gold pieces
 44296 | Bazaar   | Bought a potion of mutation for 208 gold pieces
 44308 | Bazaar   | Lost mutation: You have sharp fingernails. [potion of
                  | mutation]
 44308 | Bazaar   | Lost mutation: Your flesh is cold resistant. (rC+) [potion
                  | of mutation]
 44308 | Bazaar   | Lost mutation: Your flesh is very heat resistant. (rF++)
                  | [potion of mutation]
 44308 | Bazaar   | Gained mutation: Your system is resistant to poisons.
                  | (rPois) [potion of mutation]
 44308 | Bazaar   | Gained mutation: Armour fits poorly on your strangely
                  | shaped body. [potion of mutation]
 44308 | Bazaar   | Gained mutation: You have a pair of small horns on your
                  | head. [potion of mutation]
 45177 | Vaults:4 | Received a gift from Yredelemnul (a flayed ghost)
 45943 | Vaults:4 | Identified the +7 arbalest "Xyxateim" {freeze, rC+}
 45947 | Vaults:4 | Received a gift from Yredelemnul (a flayed ghost)
 45957 | Vaults:4 | Killed a profane servitor
 46586 | Depths:4 | Paralysed by a floating eye for 3 turns
 46612 | Depths:4 | Reached skill level 19 in Conjurations
 46830 | Depths:4 | Killed Sojobo
 46831 | Depths:4 | Received a gift from Yredelemnul (a flayed ghost)
 46904 | Depths:4 | Noticed a golden dragon
 46910 | Depths:4 | Killed a golden dragon
 46953 | Depths:4 | Reached skill level 15 in Spellcasting
 47044 | Depths:4 | You fall through a shaft!
 47044 | Depths:5 | Entered Level 5 of the Depths
 47367 | Depths:4 | Paralysed by a floating eye for 2 turns
 47527 | Depths:4 | Found Onyu's Weapon Shoppe.
 47574 | Depths:4 | Noticed Xtahua
 47581 | Depths:4 | Killed Xtahua
 47766 | Depths:5 | Noticed a golden dragon
 47777 | Depths:5 | Killed a profane servitor
 47921 | Depths:5 | Gained mutation: You are completely covered in sharp
                  | spines. [demonic ancestry]
 47921 | Depths:5 | Reached XP level 22. HP: 123/164 MP: 41/41
 48190 | Depths:5 | Learned a level 7 spell: Ring of Flames
 48238 | Depths:5 | Received a gift from Yredelemnul (a skeletal warrior)
 48266 | Depths:5 | Killed a golden dragon
 48436 | Depths:5 | Found a gate to the Realm of Zot.
 48504 | Depths:5 | Noticed Frederick
 48511 | Depths:5 | Killed Frederick
 48511 | Depths:5 | Enslaved Frederick
 49011 | Depths:5 | Found Onuz's Gadget Emporium.
 49012 | Depths:5 | Found Sucw's Jewellery Boutique.
 49013 | Depths:5 | Found Neoptip's Gadget Emporium.
 49023 | Depths:5 | Bought the amulet "Feiboic" {Harm *Drain +Fly rElec Str+4}
                  | for 926 gold pieces
 49518 | Crypt:1  | Entered Level 1 of the Crypt
 49706 | Crypt:1  | Learned a level 5 spell: Dispel Undead
 49846 | Crypt:1  | Received a gift from Yredelemnul (a ghoul)
 50031 | Crypt:1  | Received a gift from Yredelemnul (a bone dragon)
 50347 | Crypt:2  | Received a gift from Yredelemnul (a vampire)
 50719 | Crypt:2  | Received a gift from Yredelemnul (a bone dragon)
 50811 | Crypt:2  | Noticed Bai Suzhen
 50818 | Crypt:2  | Killed Bai Suzhen
 51031 | Crypt:2  | Received a gift from Yredelemnul (a vampire)
 51266 | Crypt:3  | Entered Level 3 of the Crypt
 51294 | Crypt:3  | Your ally Frederick died
 51370 | Crypt:3  | Received a gift from Yredelemnul (a bone dragon)
 51817 | Crypt:3  | Received a gift from Yredelemnul (a ghoul)
 52064 | Crypt:3  | Received a gift from Yredelemnul (a phantasmal warrior)
 52159 | Crypt:3  | Found a staircase to the Tomb.
 52385 | Crypt:3  | Received a gift from Yredelemnul (a phantasmal warrior)
 52406 | Crypt:3  | Found an ancient bone altar of Kikubaaqudgha.
 52489 | Crypt:3  | Reached XP level 23. HP: 161/167 MP: 31/42
 52529 | Crypt:3  | Noticed an ancient lich
 52532 | Crypt:3  | Noticed an ancient lich
 52533 | Crypt:3  | Killed an ancient lich
 52536 | Crypt:3  | Killed an ancient lich
 52547 | Crypt:3  | Identified the Catalogue of Shifting Displacement
 52551 | Crypt:3  | Identified Ereshkigal's Handbook of the Hummingbird
 52721 | Crypt:3  | Received a gift from Yredelemnul (a vampire)
 52732 | Crypt:3  | Reached skill level 20 in Conjurations
 53434 | Depths:1 | Voluntarily entered the Abyss.
 53473 | Depths:1 | Escaped the Abyss
 53477 | Depths:1 | Voluntarily entered the Abyss.
 53519 | Abyss:1  | Received a gift from Yredelemnul (a vampire knight)
 53519 | Abyss:1  | Received a gift from Yredelemnul (a vampire knight)
 53804 | Abyss:1  | Received a gift from Yredelemnul (a vampire)
 53867 | Abyss:1  | Identified Sif Muna's Reference Book on the Helpful
                  | Volcanoes
 53959 | Depths:1 | Escaped the Abyss
 54154 | Depths:1 | Voluntarily entered the Abyss.
 54460 | Abyss:1  | Found a corrupted altar of Lugonu.
 54473 | Abyss:1  | Received a gift from Yredelemnul (a flayed ghost)
 54850 | Depths:1 | Escaped the Abyss
 54865 | Depths:1 | Voluntarily entered the Abyss.
 54961 | Abyss:1  | Received a gift from Yredelemnul (a flayed ghost)
 54990 | Abyss:1  | Reached skill level 5 in Polearms
 55124 | Abyss:1  | Gained mutation: Your magical capacity is low. (-10% MP) [a
                  | neqoxec]
 55166 | Abyss:1  | Received a gift from Yredelemnul (a ghoul)
 55275 | Abyss:1  | Received a gift from Yredelemnul (a ghoul)
 55480 | Abyss:1  | Got a smoking cloak
 55491 | Abyss:1  | Identified the +1 cloak of the Neverending Runes {*Drain
                  | MR++ Slay+5} (You found it on level 1 of the Abyss)
 55558 | Abyss:1  | Received a gift from Yredelemnul (a phantasmal warrior)
 55706 | Abyss:1  | Received a gift from Yredelemnul (a vampire knight)
 55925 | Abyss:1  | Received a gift from Yredelemnul (a vampire knight)
 56149 | Abyss:1  | Received a gift from Yredelemnul (a ghoul)
 56162 | Abyss:1  | Found a corrupted altar of Lugonu.
 56186 | Abyss:1  | Found a corrupted altar of Lugonu.
 56295 | Abyss:1  | Found an ancient bone altar of Kikubaaqudgha.
 56486 | Abyss:1  | Received a gift from Yredelemnul (a vampire knight)
 56643 | Abyss:1  | Gained mutation: You are immune to clouds of flame.
                  | [demonic ancestry]
 56643 | Abyss:1  | Reached XP level 24. HP: 129/158 MP: 39/39
 56738 | Abyss:1  | Received a gift from Yredelemnul (a ghoul)
 56825 | Abyss:2  | Found a corrupted altar of Lugonu.
 56868 | Abyss:2  | Reached skill level 15 in Armour
 56976 | Abyss:2  | Found an ornate altar of the Wu Jian Council.
 57052 | Abyss:2  | Received a gift from Yredelemnul (a ghoul)
 57235 | Abyss:2  | Received a gift from Yredelemnul (a flayed ghost)
 57256 | Abyss:2  | Gained mutation: Your spells are a little easier to cast,
                  | but a little less powerful. [a neqoxec]
 57449 | Abyss:2  | Received a gift from Yredelemnul (a phantasmal warrior)
 57585 | Abyss:2  | Received a gift from Yredelemnul (a ghoul)
 57631 | Abyss:2  | Noticed an ancient lich
 57635 | Abyss:2  | Killed an ancient lich
 57661 | Abyss:2  | Received a gift from Yredelemnul (a vampire)
 57748 | Abyss:2  | Received a gift from Yredelemnul (a skeletal warrior)
 57891 | Abyss:2  | Received a gift from Yredelemnul (a flayed ghost)
 57970 | Abyss:2  | Received a gift from Yredelemnul (a ghoul)
 58099 | Depths:1 | Escaped the Abyss
 58107 | Depths:1 | Learned a level 6 spell: Deflect Missiles
 58110 | Depths:1 | Voluntarily entered the Abyss.
 58110 | Abyss:1  | Found a corrupted altar of Lugonu.
 58122 | Abyss:1  | Found a shimmering altar of Xom.
 58133 | Abyss:1  | Received a gift from Yredelemnul (a flayed ghost)
 58199 | Abyss:1  | Found a shimmering altar of Xom.
 58245 | Abyss:1  | Reached skill level 1 in Air Magic
 58693 | Abyss:1  | Received a gift from Yredelemnul (a flayed ghost)
 58827 | Abyss:1  | Received a gift from Yredelemnul (a ghoul)
 58909 | Abyss:1  | Received a gift from Yredelemnul (a flayed ghost)
 58954 | Abyss:1  | Reached XP level 25. HP: 141/182 MP: 35/39
 59025 | Abyss:1  | Found an iron altar of Okawaru.
 59161 | Abyss:1  | Received a gift from Yredelemnul (a ghoul)
 59203 | Abyss:1  | Found a hide-covered altar of Uskayaw.
 59358 | Abyss:1  | Received a gift from Yredelemnul (a vampire knight)
 59504 | Abyss:1  | Received a gift from Yredelemnul (a flayed ghost)
 59531 | Abyss:1  | Gained mutation: You are clumsy. (Dex -2) [a neqoxec]
 59696 | Abyss:1  | Received a gift from Yredelemnul (a flayed ghost)
 59743 | Abyss:1  | Received a gift from Yredelemnul (a flayed ghost)
 59780 | Abyss:1  | Found a shadowy altar of Dithmenos.
 59948 | Abyss:1  | Paralysed by you for 4 turns
 60059 | Abyss:1  | Received a gift from Yredelemnul (a flayed ghost)
 60294 | Depths:1 | Escaped the Abyss
 60379 | Hell     | Entered the Vestibule of Hell
 60379 | Hell     | Noticed Geryon
 60674 | Hell     | Received a gift from Yredelemnul (a vampire)
 60950 | Depths:2 | Learned a level 5 spell: Bolt of Magma
 61339 | Hell     | Gained mutation: You tend to lose your temper in combat. [a
                  | cacodemon]
 61640 | Hell     | Received a gift from Yredelemnul (a phantasmal warrior)
 61806 | Hell     | Killed Geryon
 61806 | Hell     | Reached skill level 1 in Earth Magic
 61829 | Hell     | Found a gateway to the ashen valley of Gehenna.
 61920 | Hell     | Found a gateway to the decaying netherworld of Tartarus.
 62089 | Hell     | Found a gateway to the Iron City of Dis.
 62130 | Hell     | Found a gateway to the freezing wastes of Cocytus.
 62268 | Geh:1    | Entered Level 1 of Gehenna
 62270 | Geh:1    | Reached skill level 21 in Conjurations
 62276 | Hell     | Received a gift from Yredelemnul (a flayed ghost)
 62364 | Geh:1    | Reached skill level 10 in Evocations
 62388 | Geh:1    | Received a gift from Yredelemnul (a ghoul)
 62468 | Geh:1    | Received a gift from Yredelemnul (a skeletal warrior)
 62977 | Vaults:5 | Entered Level 5 of the Vaults
 63078 | Vaults:4 | Received a gift from Yredelemnul (a vampire)
 63230 | Vaults:5 | Reached skill level 5 in Air Magic
 63430 | Vaults:5 | Gained mutation: You are completely covered in iridescent
                  | scales. (AC +6) [demonic ancestry]
 63430 | Vaults:5 | Reached XP level 26. HP: 145/189 MP: 39/39
 63437 | Vaults:4 | Reached skill level 15 in Charms
 63522 | Vaults:5 | Noticed an ancient lich
 63523 | Vaults:5 | Identified the cursed +0 great mace of Midnight {freeze,
                  | Str+3}
 63532 | Vaults:4 | Received a gift from Yredelemnul (a vampire knight)
 63710 | Vaults:4 | Killed an ancient lich
 63810 | Vaults:5 | Received a gift from Yredelemnul (a phantasmal warrior)
 63983 | Vaults:5 | Received a gift from Yredelemnul (a flayed ghost)
 64480 | Vaults:5 | Received a gift from Yredelemnul (a vampire)
 64610 | Vaults:5 | Lost mutation: You have a pair of small horns on your head.
                  | [potion of mutation]
 64610 | Vaults:5 | Lost mutation: You are clumsy. (Dex -2) [potion of
                  | mutation]
 64610 | Vaults:5 | Lost mutation: Armour fits poorly on your strangely shaped
                  | body. [potion of mutation]
 64610 | Vaults:5 | Lost mutation: You tend to lose your temper in combat.
                  | [potion of mutation]
 64610 | Vaults:5 | Gained mutation: Your spells are easier to cast, but less
                  | powerful. [potion of mutation]
 64610 | Vaults:5 | Gained mutation: Your mind is acute. (Int +2) [potion of
                  | mutation]
 64806 | Vaults:5 | Identified the Papyrus of Dislocation and Lightness
 64922 | Vaults:5 | Found the +8 storm bow {elec}
 64931 | Vaults:5 | Identified Sif Muna's Papyrus of the New World
 64938 | Vaults:5 | Identified the Incunabulum of the Dark Compass
 65027 | Vaults:5 | Reached skill level 5 in Earth Magic
 65154 | Vaults:5 | Received a gift from Yredelemnul (a phantasmal warrior)
 65168 | Vaults:5 | Got a silver rune of Zot
 65172 | Vaults:5 | Got a dazzling war axe
 65173 | Vaults:5 | Identified the +6 war axe "Bamnoh" {elec, rC+} (You found
                  | it on level 5 of the Vaults)
 65212 | Vaults:5 | Got a translucent falchion
 65213 | Vaults:5 | Identified the +8 falchion "Cohitz" {slice, rN+} (You found
                  | it on level 5 of the Vaults)
 65987 | Vaults:5 | Got a translucent quarterstaff
 65988 | Vaults:5 | Identified the +8 quarterstaff of Inquiry {freeze, +Inv
                  | rPois} (You found it on level 5 of the Vaults)
 66661 | Zot:1    | Entered Level 1 of the Realm of Zot
 66707 | Zot:1    | Reached skill level 1 in Transmutations
 66710 | Zot:1    | Noticed an orb of fire
 66717 | Zot:1    | Gained mutation: Scrolls take you a little longer to read.
                  | [an orb of fire]
 66723 | Zot:1    | Gained mutation: Your body sometimes deteriorates upon
                  | taking damage. [an orb of fire]
 66736 | Zot:1    | Gained mutation: Your magical capacity is very low. (-20%
                  | MP) [an orb of fire]
 66736 | Zot:1    | Gained mutation: Potions are less effective at restoring
                  | your health. [an orb of fire]
 66738 | Zot:1    | Killed an orb of fire
 67252 | Zot:1    | Received a gift from Yredelemnul (a ghoul)
 67370 | Zot:1    | You fall through a shaft!
 67377 | Zot:2    | Gained mutation: You can hurl damnation. [demonic ancestry]
 67377 | Zot:2    | Reached XP level 27. HP: 152/197 MP: 27/36
 67811 | Zot:1    | Received a gift from Yredelemnul (a phantasmal warrior)
 68031 | Zot:1    | Noticed an orb of fire
 68033 | Zot:1    | Gained mutation: You do not regenerate when monsters are
                  | visible. [an orb of fire]
 68039 | Zot:1    | Gained mutation: You occasionally shout uncontrollably at
                  | your foes. [an orb of fire]
 68041 | Zot:1    | Killed an orb of fire
 68196 | Zot:1    | You fall through a shaft!
 68501 | Zot:1    | Reached skill level 5 in Transmutations
 68550 | Zot:1    | Identified a ring "Degeixoet" {rPois rC- Str+7 Slay+3
                  | Stlth+} (You found it on level 1 of the Realm of Zot)
 68552 | Zot:1    | Upgraded the game from 0.23.0-3-gf3c87f2 to
                  | 0.23.0-38-g208d714
 69172 | Zot:2    | You fall through a shaft for 2 floors!
 69196 | Zot:5    | Entered Level 5 of the Realm of Zot
 69464 | Zot:5    | Noticed an ancient lich
 69467 | Zot:5    | Killed an ancient lich
 69481 | Zot:5    | Noticed an orb of fire
 69485 | Zot:5    | Received a gift from Yredelemnul (a ghoul)
 69488 | Zot:5    | Noticed an orb of fire
 69489 | Zot:5    | Gained mutation: Your body often deteriorates upon taking
                  | damage. [an orb of fire]
 69490 | Zot:5    | Noticed an ancient lich
 69493 | Zot:5    | HP: 6/199 [orb of fire/fireball (26)]
 69495 | Zot:5    | Killed from afar by an orb of fire

Skill      XL: |  1  2  3  4  5  6  7  8  9 10 11 12 13 14 15 16 17 18 19 20 21 22 23 24 25 26 27 |
---------------+----------------------------------------------------------------------------------+-----
Fire Magic     | 3 4 5 6 7 8 9 10 11 12 13 14 15 16 17 18 19 | 19.0
Conjurations   | 2 3 4 6 7 8 9 11 12 13 14 16 17 18 19 20 21 | 21.8
Spellcasting   | 3 4 5 7 8 9 10 11 12 13 14 15 16 17 18 | 18.3
Invocations    | 2 3 4 6 9 10 | 10.0
Dodging        | 2 4 5 6 7 8 9 10 11 12 13 | 13.3
Fighting       | 3 5 6 7 8 9 10 11 12 | 12.7
Armour         | 3 6 7 8 9 10 11 12 13 14 15 16 | 16.0
Charms         | 3 5 6 8 9 10 11 12 13 14 15 16 | 16.0
Evocations     | 3 5 7 9 10 | 10.4
Polearms       | 3 4 6 7 8 |  8.2
Necromancy     | 3 7 10 11 12 | 12.4
Air Magic      | 2 5 |  5.0
Earth Magic    | 3 5 |  5.0
Transmutations | 3 6 |  6.7
Stealth        | |  1.7

Action                   |  1- 3 |  4- 6 |  7- 9 | 10-12 | 13-15 | 16-18 | 19-21 | 22-24 | 25-27 || total
-------------------------+-------+-------+-------+-------+-------+-------+-------+-------+-------++-------
Melee: Unarmed           |    51 |     8 |       |       |       |       |       |       |       ||    59
       Kick              |     8 |    13 |    17 |    61 |    54 |    62 |    64 |   276 |   180 ||   735
       Flail             |       |    19 |       |       |       |       |       |       |       ||    19
       Dagger            |       |    33 |   118 |       |       |       |       |       |       ||   151
       Scimitar          |       |       |       |   169 |       |       |       |       |       ||   169
       Glaive            |       |       |       |    65 |   241 |   246 |   233 |   947 |   526 ||  2258
       Headbutt          |       |       |       |       |       |       |    11 |   181 |    69 ||   261
 Cast: Flame Tongue      |    66 |    82 |   274 |   153 |    63 |    31 |    20 |    17 |    25 ||   731
       Fireball          |       |       |    14 |    98 |   181 |   143 |   109 |   148 |   129 ||   822
       Regeneration      |       |       |       |       |     5 |    21 |    17 |    44 |    79 ||   166
       Iskenderun's Batt |       |       |       |       |     2 |     4 |       |     1 |       ||     7
       Bolt of Draining  |       |       |       |       |       |   199 |   359 |    50 |    99 ||   707
       Mephitic Cloud    |       |       |       |       |       |       |     1 |       |       ||     1
       Orb of Destructio |       |       |       |       |       |       |     7 |    86 |    66 ||   159
       Dispel Undead     |       |       |       |       |       |       |       |   139 |    14 ||   153
       Bolt of Magma     |       |       |       |       |       |       |       |       |    30 ||    30
       Ring of Flames    |       |       |       |       |       |       |       |       |    29 ||    29
       Deflect Missiles  |       |       |       |       |       |       |       |       |     6 ||     6
       Sublimation of Bl |       |       |       |       |       |       |       |       |     1 ||     1
Invok: Animate Remains   |       |     7 |    21 |       |       |       |       |       |       ||    28
       Recall Undead Sla |       |       |     3 |     2 |     7 |     9 |     9 |     3 |       ||    33
       Animate Dead      |       |       |     9 |    25 |    25 |    14 |    12 |     2 |     1 ||    88
       Enslave Soul      |       |       |       |       |       |       |     1 |     1 |       ||     2
Evoke: Wand              |       |       |     1 |     1 |       |       |       |     1 |       ||     3
       Crystal ball of e |       |       |       |       |       |       |       |       |     1 ||     1
  Use: Scroll            |       |     9 |     9 |    10 |     9 |     5 |     4 |     1 |     6 ||    53
       Potion            |       |     3 |     9 |    12 |     8 |     1 |     5 |     2 |     6 ||    46
 Stab: Sleeping          |       |       |     1 |     1 |       |       |       |       |       ||     2
       Distracted        |       |       |       |     2 |     8 |    10 |     8 |    10 |     6 ||    44
       Paralysed         |       |       |       |       |     4 |       |     1 |     4 |       ||     9
       Held in net/web   |       |       |       |       |     1 |       |       |       |       ||     1
       Confused          |       |       |       |       |       |       |     1 |     1 |       ||     2
  Eat: Chunk             |     3 |     5 |    13 |    32 |    28 |    38 |    22 |    16 |     8 ||   165
       Ration            |       |     1 |     6 |     7 |    11 |     7 |     7 |    14 |    14 ||    67
Armor: Robe              |    45 |    33 |    78 |    36 |       |       |       |       |       ||   192
       Skin              |       |       |    46 |       |       |       |       |       |       ||    46
       Ring mail         |       |       |       |    79 |       |       |       |       |       ||    79
       Pearl dragon scal |       |       |       |    86 |   279 |   310 |   128 |   413 |   496 ||  1712
Dodge: Dodged            |    77 |    46 |   125 |   265 |   250 |   278 |   207 |   556 |   619 ||  2423
       Deflected         |       |       |       |       |       |       |       |       |    77 ||    77
Block: Other             |       |       |       |       |    38 |    56 |    38 |     4 |       ||   136
       Reflection        |       |       |       |       |     2 |    12 |    14 |       |       ||    28
       Rpst.: Scimitar   |       |       |       |    46 |       |       |       |       |       ||    46
